 Dungeon Sprint DCSS version 0.24-a0-275-g6f7e2cb (webtiles) character file.

Game seed: 12942408375347697964

509 Lanoc the Carver (level 6, -1/62 HPs)
             Began as a Draconian Monk on Apr 28, 2019.
             Was a Believer of Okawaru.
             Slain by a catoblepas (3 damage)
             ... while petrified by you
             ... in the Dungeon (Sprint IX: "|||||||||||||||||||||||||||||").
             The game lasted 00:02:00 (543 turns).

Lanoc the Carver (Draconian Monk)                    Turns: 543, Time: 00:02:00

Health: -1/62      AC:  9    Str: 14    XL:     6   Next: 98%
Magic:  9/9        EV:  2    Int: 10    God:    Okawaru [**....]
Gold:   0          SH:  0    Dex: 18    Spells: 5/5 levels left

rFire    . . .     SeeInvis .   m - +2 scimitar (flame)
rCold    . . .     Gourm    .   (no shield)
rNeg     + + +     Faith    .   (armour unavailable)
rPois    ∞         Spirit   .   (helmet restricted)
rElec    .         Reflect  .   a - +0 cloak
rCorr    .         Harm     .   (no gloves)
MR       .....     NoTele   +   (no boots)
Stlth    ++........             (no amulet)
HPRegen  0.20/turn              n - +3 ring of dexterity
MPRegen  0.11/turn              o - +2 ring of protection

@: petrified
A: unfitting armour, cold-blooded, AC +6
a: Heroism, Renounce Religion


You were in the Dungeon.
You worshipped Okawaru.
Okawaru was pleased with you.
You were not hungry.

You visited 1 branch

Inventory:

Hand Weapons
 m - a +2 scimitar of flaming (weapon)
Armour
 a - a +0 cloak (worn)
Jewellery
 n - a +3 ring of dexterity (left hand)
 o - a +2 ring of protection (right hand)
Wands
 l - a wand of iceblast (10)
Scrolls
 h - 2 scrolls of blinking
 j - 3 scrolls of remove curse
 k - 2 scrolls of amnesia
Potions
 c - 5 potions of curing
 d - 3 potions of heal wounds
 e - a potion of haste
 f - 4 potions of magic
 g - a potion of invisibility
Comestibles
 b - a ration
 i - 3 chunks of flesh


   Skills:
 + Level 8.5 Fighting
 * Level 10.5 Long Blades
 + Level 7.1 Dodging
 - Level 1.7 Stealth
 + Level 4.3 Invocations


You had 5 spell levels left.
You didn't know any spells.
Your spell library was empty.

Dungeon Overview and Level Annotations

Branches:
Dungeon (1/1)

Altars:
Cheibriados
Dithmenos
Elyvilon
Fedhas
Gozag
Hepliaklqana
Kikubaaqudgha
Makhleb
Nemelex Xobeh
Okawaru
Qazlal
Ru
Sif Muna
Trog
Uskayaw
Vehumet
Wu Jian
Xom
Yredelemnul
Zin
The Shining One
Beogh
Jiyva
Lugonu


Innate Abilities, Weirdness & Mutations

Your plain brown scales are hard. (AC +6)
You cannot fit into any form of body armour.
You are cold-blooded and may be slowed by cold attacks.


Message History

The blast of calcifying dust hits you.
Your limbs are stiffening.
You are engulfed in calcifying dust.
Your limbs have turned to stone.
You have turned to stone.
You are engulfed in calcifying dust. x2
The catoblepas breathes a plume of calcifying dust at you.
The blast of calcifying dust hits you.
The eight-headed hydra is engulfed in calcifying dust.
The eight-headed hydra is moving more slowly.
The phantom blinks!
The catoblepas gores you!
The catoblepas gores you but does no damage.
The worker ant stops moving altogether!
The catoblepas gores you!!
The eight-headed hydra stops moving altogether!
The catoblepas gores you! The catoblepas gores you!!
The phantom blinks!
The catoblepas gores you!
* * * LOW HITPOINT WARNING * * *
The catoblepas gores you!!
* * * LOW HITPOINT WARNING * * *
The catoblepas gores you.
You die... ▓▓▓▓▓▓▓▓▓▓▓▓▓▓▓▓▓▓▓▓▓▓▓▓▓▓▓ ___'..|).[[).)..@YDaHW..WHl ▓▓▓▓▓▓▓▓▓▓▓▓▓▓▓▓▓▓▓▓▓▓▓▓▓▓▓

You could see a catoblepas, an eight-headed hydra (petrified), a manticore, a phantom and a worker ant (petrified).

Vanquished Creatures
  A black bear (D)
  An ogre (D)
  A centaur (D)
  2 bullfrogs (D)
  A wight (D)
  A crimson imp (D)
  An orc wizard (D)
  An adder (D)
  3 hobgoblins (D)
  2 jackals (D)
  A bat (D)
  A frilled lizard (D)
16 creatures vanquished.

Notes
Turn   | Place    | Note
-------+----------+-------------------------------------------
     0 | D        | Lanoc the Draconian Monk began the quest for the Orb.
     0 | D        | Reached XP level 1. HP: 19/19 MP: 1/1
   104 | D        | Noticed a centaur
   104 | D        | Noticed an ogre
   104 | D        | Noticed a crimson imp
   112 | D        | Reached skill level 4 in Long Blades
   114 | D        | Killed a centaur
   114 | D        | Reached skill level 5 in Fighting
   114 | D        | Reached skill level 6 in Long Blades
   114 | D        | Reached XP level 2. HP: 30/30 MP: 2/2
   114 | D        | Reached XP level 3. HP: 37/37 MP: 3/3
   114 | D        | Reached XP level 4. HP: 44/44 MP: 4/4
   119 | D        | Killed an ogre
   119 | D        | Reached skill level 8 in Long Blades
   119 | D        | Reached skill level 5 in Dodging
   119 | D        | Reached XP level 5. HP: 37/51 MP: 5/5
   177 | D        | Found a roughly hewn altar of Beogh.
   177 | D        | Found a snail-covered altar of Cheibriados.
   177 | D        | Found a shadowy altar of Dithmenos.
   177 | D        | Found a white marble altar of Elyvilon.
   177 | D        | Found a blossoming altar of Fedhas.
   177 | D        | Found an opulent altar of Gozag.
   178 | D        | Found a hazy altar of Hepliaklqana.
   179 | D        | Found a viscous altar of Jiyva.
   180 | D        | Found an ancient bone altar of Kikubaaqudgha.
   181 | D        | Found a corrupted altar of Lugonu.
   182 | D        | Found a burning altar of Makhleb.
   183 | D        | Found a sparkling altar of Nemelex Xobeh.
   184 | D        | Found an iron altar of Okawaru.
   185 | D        | Found a stormy altar of Qazlal.
   186 | D        | Found a sacrificial altar of Ru.
   187 | D        | Found a deep blue altar of Sif Muna.
   188 | D        | Found a bloodstained altar of Trog.
   189 | D        | Found a hide-covered altar of Uskayaw.
   190 | D        | Found a radiant altar of Vehumet.
   191 | D        | Found an ornate altar of the Wu Jian Council.
   192 | D        | Became a worshipper of Warmaster Okawaru
   192 | D        | Reached * piety under Okawaru
   192 | D        | Reached ** piety under Okawaru
   193 | D        | Found a shimmering altar of Xom.
   194 | D        | Found a basalt altar of Yredelemnul.
   195 | D        | Found a glowing silver altar of Zin.
   196 | D        | Found a glowing golden altar of the Shining One.
   327 | D        | Noticed a black bear
   336 | D        | Reached skill level 9 in Long Blades
   336 | D        | Reached XP level 6. HP: 51/60 MP: 5/7
   365 | D        | Reached skill level 10 in Long Blades
   530 | D        | Noticed a catoblepas
   530 | D        | Noticed an eight-headed hydra
   530 | D        | Noticed a manticore
   530 | D        | Noticed a basilisk
   542 | D        | HP: 2/62 [catoblepas (15)]
   543 | D        | Slain by a catoblepas

Levels and vault maps discovered:
D:        linesprint [early_d, line_temple, items_1, d_10, items_2, lair_1,
          lair_end, items_3, orc_1, orc_end, items_4, d_15, swamp_1, shoals_1,
          snake_1, spider_1, d_20, vaults_1, items_5, swamp_end, shoals_end,
          snake_end, spider_end, vaults_end, d_27, items_6, zot_1, zot_end,
          crypt_end, forest_end, elf_end, slime_end, tomb_end, abyss_end,
          pan_hell_end]

Skill      XL: |  1  2  3  4  5  6 |
---------------+-------------------+-----
Dodging        | 4 5 6 7 |  7.1
Long Blades    | 6 8 9 10 | 10.5
Fighting       | 5 6 7 8 |  8.5
Invocations    | 2 4 |  4.3
Stealth        | |  1.7

Action                   |  1- 3 |  4- 6 || total
-------------------------+-------+-------++-------
Melee: Falchion          |    25 |    25 ||    50
       Tailslap          |     5 |    12 ||    17
       Scimitar          |       |    29 ||    29
  Use: Potion            |     1 |       ||     1
Armor: Skin              |     6 |    17 ||    23
Dodge: Dodged            |    17 |    38 ||    55
       Rpst.: Falchion   |     5 |     6 ||    11
       Scimitar          |       |     7 ||     7

Table legend:
 A = Non-vault XP
 B = Vault XP
 C = Vault XP percentage of total XP
 D = Non-vault monster count
 E = Vault monster count
 F = Vault count percentage of total count
                 A         B        C        D         E       F
            +---------+---------+-------+---------+---------+-------
      Total |       0 |     728 | 100.0 |       0 |      16 | 100.0
            +---------+---------+-------+---------+---------+-------
          D |       0 |     728 | 100.0 |       0 |      16 | 100.0
            +---------+---------+-------+---------+---------+-------
